 Dungeon Crawl Stone Soup version 0.29-a0-222-g5b244fca1f (webtiles) character file.

Game seed: 13649635768865827865

28 n8rtot the Gusty (level 2, -2/20 HPs)
             Began as a Demigod Air Elementalist on Feb 27, 2022.
             Slain by a quokka (4 damage)
             ... on level 1 of the Dungeon.
             The game lasted 00:11:47 (1255 turns).

n8rtot the Gusty (Demigod Air Elementalist)         Turns: 1255, Time: 00:11:48

Health: -2/20      AC:  2    Str:  9    XL:     2   Next: 75%
Magic:  4/7        EV: 12    Int: 17    God:
Gold:   11         SH:  0    Dex: 14    Spells: 4/5 levels left

rFire   . . .      SeeInvis .   c - +4 short sword
rCold   . . .      Faith    .   (no shield)
rNeg    . . .      Spirit   .   a - +0 robe
rPois   .          Reflect  .   (no helmet)
rElec   .          Harm     .   (no cloak)
rCorr   .          Rampage  .   (no gloves)
Will    .....                   (no boots)
Stlth   ++........              (no amulet)
HPRegen 0.06/turn               (no ring)
MPRegen 0.10/turn               (no ring)

@: no status effects
A: high MP 1, forlorn, divine attributes
a: no special abilities


You were on level 1 of the Dungeon.
You visited 1 branch of the dungeon, and saw 1 of its levels.

You collected 11 gold pieces.

Inventory:

Hand Weapons
 b - a +0 hand axe
 c - a +4 short sword (weapon)
Armour
 a - a +0 robe (worn)
Scrolls
 d - a scroll of amnesia
 f - a scroll of magic mapping
Potions
 e - 2 potions of mutation {unknown}


   Skills:
 + Level 1.9 Dodging
 + Level 1.7 Stealth
 + Level 2.0 Spellcasting
 + Level 1.4 Conjurations
 + Level 3.3 Air Magic


You had 4 spell levels left.
You knew the following spells:

 Your Spells              Type           Power      Damage    Failure   Level
a - Shock                 Conj/Air       36%        1d5       8%          1

Your spell library contained the following spells:

 Spells                   Type           Power      Damage    Failure   Level
 Static Discharge         Conj/Air       9%         N/A       11%         2
 Swiftness                Air            13%        N/A       16%         3
 Sublimation of Blood     Necr           1%         N/A       28%         2
 Wereblood                Tmut           1%         N/A       28%         2
 Airstrike                Air            6%         N/A       45%         4
 Summon Hydra             Summ           0%         N/A       100%        7


Dungeon Overview and Level Annotations

Branches:
Dungeon (1/15)


Innate Abilities, Weirdness & Mutations

You have an increased reservoir of magic. (+10% MP)
You shall have no god before yourself.
Your divine heritage dramatically boosts your attributes as you level up.


Message History

The quokka bites you.
* * * LOW HITPOINT WARNING * * *
The quokka bites you but does no damage.
The quokka closely misses you. x2
The quokka bites you but does no damage.
The quokka barely misses you. The quokka bites you.
* * * LOW HITPOINT WARNING * * *
Unknown command.
Casting: Shock (safe; 8% risk of failure)
Confirm with . or Enter, or press ? or * to list all spells.
You don't know that spell.
Casting: Shock (safe; 8% risk of failure)
Confirm with . or Enter, or press ? or * to list all spells.
Aiming: Shock (safe; 8% risk of failure)
Press: ? - help, Shift-Dir - straight line, f - kobold, p - quokka
Aim: a kobold, wielding a +0 dagger (60% to hit)
That beam is likely to hit you.
Continue anyway?
Okay, then.
Unknown command.
The quokka closely misses you. The quokka barely misses you.
The quokka bites you.
* * * LOW HITPOINT WARNING * * *
As you open the door, it creaks loudly!
The quokka bites you but does no damage.
There is an open door here.
The quokka misses you.
Casting: Shock (safe; 8% risk of failure)
Confirm with . or Enter, or press ? or * to list all spells.
Aiming: Shock (safe; 8% risk of failure)
Press: ? - help, Shift-Dir - straight line, f/p - kobold
Aim: a kobold, wielding a +0 dagger (60% to hit)
The zap hits the quokka.
The quokka is severely wounded.
The zap hits the kobold.
You kill the kobold!
The quokka closely misses you. The quokka bites you.
You die...

*,,,,,* *,,,**,,,,,* *,,,,,*
#.,,##.....# *,,,,,* #..,+......#
+,,,,,* #..,#......# *****
*,,,,,* #...#......## *,,,,
*,,,,,*****...#.......##*****,,,,
,,,,,,,,,,,,,...........,,,,,,,,,
**###*****#####.......#*****,,,,,
###.## #.....@.....######....,
#..#.######.....r.##..#.........,
.####⌠...⌠#...........#........,,
..###.....#.......##.........#***
...##.>.<.#..........#.......# *
##.##.....#.....).####.......###*
##.##⌠...⌠#.......#####........#*
...#############'#.............##
.......# #.#.####........##


You could see a quokka.

Vanquished Creatures
  3 endoplasms (D:1)
  A giant cockroach (D:1)
  6 goblins (D:1)
  3 hobgoblins (D:1)
  A quokka (D:1)
  2 ball pythons (D:1)
  A frilled lizard (D:1)
  6 kobolds (D:1)
  A rat (D:1)
24 creatures vanquished.

Notes
Turn   | Place    | Note
-------+----------+-------------------------------------------
     0 | D:1      | n8rtot the Demigod Air Elementalist began the quest for the
                  | Orb.
     0 | D:1      | Reached XP level 1. HP: 14/14 MP: 5/5
   199 | D:1      | Reached skill level 1 in Conjurations
   204 | D:1      | Reached skill level 3 in Air Magic
   753 | D:1      | Reached XP level 2. HP: 15/20 MP: 0/7
  1229 | D:1      | HP: 1/20 [quokka (5)]
  1245 | D:1      | HP: 1/20 [quokka (1)]
  1255 | D:1      | Slain by a quokka

Illustrated notes

Levels and vault maps discovered:
D:1:      amcnicky_arrival_gap_in_the_tavern_cellar, layout_basic,
          hangedman_decor_peaks_small, minmay_heptomino_o4

Skill      XL: |  1  2 |
---------------+-------+-----
Conjurations   | 1 |  1.4
Air Magic      | 3 |  3.3
Spellcasting   | 2 |  2.0
Dodging        | |  1.9
Stealth        | |  1.7

Action                   || total
-------------------------++-------
Melee: Hand axe          ||     7
       Short sword       ||    11
       Unarmed           ||     2
 Cast: Shock             ||    45
  Use: Scroll            ||     2
Armor: Robe              ||    16
Dodge: Dodged            ||    62

Table legend: (Time is in decaauts)
 A = Elapsed time spent in this place.
 B = Non-inter-level travel time spent in this place.
 C = Inter-level travel time spent in this place.
 D = Time resting spent in this place.
 E = Time spent auto-exploring this place.
 F = Levels seen in this place.
 G = Mean time per level.
                   A        B        C        D        E       F      G
               +--------+--------+--------+--------+--------+-----+--------+
         Total |   1256 |   1256 |      0 |    562 |      0 |   1 | 1256.0 |
       Dungeon |   1256 |   1256 |      0 |    562 |      0 |   1 | 1256.0 |
               +--------+--------+--------+--------+--------+-----+--------+

Top non-repeatable levels by time:
     D:1: 1256 daAuts
